Workbook

Sheet Assumptions
A1: Three-statement financial model
A2: Zinance · amber cells are inputs; everything else calculates
A4: Assumption | B4: Jan | C4: Feb | D4: Mar | E4: Apr | F4: May | G4: Jun | H4: Jul | I4: Aug | J4: Sep | K4: Oct | L4: Nov | M4: Dec
A5: New customers per month | B5: 6 | C5: 7 | D5: 8 | E5: 9 | F5: 10 | G5: 11 | H5: 12 | I5: 13 | J5: 14 | K5: 15 | L5: 16 | M5: 17
A6: Average revenue per customer per month | B6: 1200 | C6: 1200 | D6: 1200 | E6: 1200 | F6: 1200 | G6: 1200 | H6: 1200 | I6: 1200 | J6: 1200 | K6: 1200 | L6: 1200 | M6: 1200
A7: Monthly logo churn % | B7: 0.02 | C7: 0.02 | D7: 0.02 | E7: 0.02 | F7: 0.02 | G7: 0.02 | H7: 0.02 | I7: 0.02 | J7: 0.02 | K7: 0.02 | L7: 0.02 | M7: 0.02
A8: Gross margin % | B8: 0.78 | C8: 0.78 | D8: 0.78 | E8: 0.78 | F8: 0.78 | G8: 0.78 | H8: 0.78 | I8: 0.78 | J8: 0.78 | K8: 0.78 | L8: 0.78 | M8: 0.78
A9: Headcount | B9: 9 | C9: 9 | D9: 10 | E9: 10 | F9: 11 | G9: 11 | H9: 12 | I9: 12 | J9: 13 | K9: 13 | L9: 14 | M9: 14
A10: Average fully loaded cost per head per month | B10: 11000 | C10: 11000 | D10: 11000 | E10: 11000 | F10: 11000 | G10: 11000 | H10: 11000 | I10: 11000 | J10: 11000 | K10: 11000 | L10: 11000 | M10: 11000
A11: Other operating costs per month | B11: 24000 | C11: 24000 | D11: 24000 | E11: 24000 | F11: 24000 | G11: 24000 | H11: 24000 | I11: 24000 | J11: 24000 | K11: 24000 | L11: 24000 | M11: 24000
A12: Capital expenditure | B12: 0 | C12: 0 | D12: 15000 | E12: 0 | F12: 0 | G12: 0 | H12: 12000 | I12: 0 | J12: 0 | K12: 0 | L12: 0 | M12: 0
A13: Days sales outstanding | B13: 38 | C13: 38 | D13: 38 | E13: 38 | F13: 38 | G13: 38 | H13: 38 | I13: 38 | J13: 38 | K13: 38 | L13: 38 | M13: 38
A14: Days payable outstanding | B14: 30 | C14: 30 | D14: 30 | E14: 30 | F14: 30 | G14: 30 | H14: 30 | I14: 30 | J14: 30 | K14: 30 | L14: 30 | M14: 30
A16: Opening balances
A17: Opening cash | B17: 1200000
A18: Opening accounts receivable | B18: 95000
A19: Opening accounts payable | B19: 48000
A20: Opening fixed assets (net) | B20: 40000
A21: Opening paid-in capital | B21: 2500000
A22: Opening retained earnings | B22: -1213000
A23: Depreciation life, months | B23: 36
A24: Opening customers | B24: 120
A25: Opening equity is set so the opening balance sheet balances: cash + AR + fixed assets − AP = paid-in capital + retained earnings.

Sheet P&L
A1: Profit and loss
B3: Jan | C3: Feb | D3: Mar | E3: Apr | F3: May | G3: Jun | H3: Jul | I3: Aug | J3: Sep | K3: Oct | L3: Nov | M3: Dec
A4: Customers, end of month | B4: =ROUND(Assumptions!$B$24*(1-Assumptions!B7)+Assumptions!B5,0) | C4: =ROUND(B4*(1-Assumptions!C7)+Assumptions!C5,0) | D4: =ROUND(C4*(1-Assumptions!D7)+Assumptions!D5,0) | E4: =ROUND(D4*(1-Assumptions!E7)+Assumptions!E5,0) | F4: =ROUND(E4*(1-Assumptions!F7)+Assumptions!F5,0) | G4: =ROUND(F4*(1-Assumptions!G7)+Assumptions!G5,0) | H4: =ROUND(G4*(1-Assumptions!H7)+Assumptions!H5,0) | I4: =ROUND(H4*(1-Assumptions!I7)+Assumptions!I5,0) | J4: =ROUND(I4*(1-Assumptions!J7)+Assumptions!J5,0) | ... M4: =ROUND(L4*(1-Assumptions!M7)+Assumptions!M5,0)
A5: Revenue | B5: =B4*Assumptions!B6 | C5: =C4*Assumptions!C6 | D5: =D4*Assumptions!D6 | E5: =E4*Assumptions!E6 | F5: =F4*Assumptions!F6 | G5: =G4*Assumptions!G6 | H5: =H4*Assumptions!H6 | I5: =I4*Assumptions!I6 | ... M5: =M4*Assumptions!M6
A6: Cost of revenue | B6: =B5*(1-Assumptions!B8) | C6: =C5*(1-Assumptions!C8) | D6: =D5*(1-Assumptions!D8) | E6: =E5*(1-Assumptions!E8) | F6: =F5*(1-Assumptions!F8) | G6: =G5*(1-Assumptions!G8) | H6: =H5*(1-Assumptions!H8) | I6: =I5*(1-Assumptions!I8) | ... M6: =M5*(1-Assumptions!M8)
A7: Gross profit | B7: =B5-B6 | C7: =C5-C6 | D7: =D5-D6 | E7: =E5-E6 | F7: =F5-F6 | G7: =G5-G6 | H7: =H5-H6 | I7: =I5-I6 | ... M7: =M5-M6
A8: Payroll | B8: =Assumptions!B9*Assumptions!B10 | C8: =Assumptions!C9*Assumptions!C10 | D8: =Assumptions!D9*Assumptions!D10 | E8: =Assumptions!E9*Assumptions!E10 | F8: =Assumptions!F9*Assumptions!F10 | G8: =Assumptions!G9*Assumptions!G10 | H8: =Assumptions!H9*Assumptions!H10 | I8: =Assumptions!I9*Assumptions!I10 | ... M8: =Assumptions!M9*Assumptions!M10
A9: Other operating costs | B9: =Assumptions!B11 | C9: =Assumptions!C11 | D9: =Assumptions!D11 | E9: =Assumptions!E11 | F9: =Assumptions!F11 | G9: =Assumptions!G11 | H9: =Assumptions!H11 | I9: =Assumptions!I11 | ... M9: =Assumptions!M11
A10: Depreciation | B10: =Assumptions!$B$20/Assumptions!$B$23 | C10: =B10+Assumptions!B12/Assumptions!$B$23 | D10: =C10+Assumptions!C12/Assumptions!$B$23 | E10: =D10+Assumptions!D12/Assumptions!$B$23 | F10: =E10+Assumptions!E12/Assumptions!$B$23 | G10: =F10+Assumptions!F12/Assumptions!$B$23 | H10: =G10+Assumptions!G12/Assumptions!$B$23 | I10: =H10+Assumptions!H12/Assumptions!$B$23 | J10: =I10+Assumptions!I12/Assumptions!$B$23 | ... M10: =L10+Assumptions!L12/Assumptions!$B$23
A11: Total operating expenses | B11: =SUM(B8:B10) | C11: =SUM(C8:C10) | D11: =SUM(D8:D10) | E11: =SUM(E8:E10) | F11: =SUM(F8:F10) | G11: =SUM(G8:G10) | H11: =SUM(H8:H10) | I11: =SUM(I8:I10) | ... M11: =SUM(M8:M10)
A12: Operating income (EBIT) | B12: =B7-B11 | C12: =C7-C11 | D12: =D7-D11 | E12: =E7-E11 | F12: =F7-F11 | G12: =G7-G11 | H12: =H7-H11 | I12: =I7-I11 | ... M12: =M7-M11
A13: Net income | B13: =B12 | C13: =C12 | D13: =D12 | E13: =E12 | F13: =F12 | G13: =G12 | H13: =H12 | I13: =I12 | ... M13: =M12
A14: Gross margin % | B14: =IF(B5=0,"",B7/B5) | C14: =IF(C5=0,"",C7/C5) | D14: =IF(D5=0,"",D7/D5) | E14: =IF(E5=0,"",E7/E5) | F14: =IF(F5=0,"",F7/F5) | G14: =IF(G5=0,"",G7/G5) | H14: =IF(H5=0,"",H7/H5) | I14: =IF(I5=0,"",I7/I5) | ... M14: =IF(M5=0,"",M7/M5)

Sheet Cash flow
A1: Cash flow
B3: Jan | C3: Feb | D3: Mar | E3: Apr | F3: May | G3: Jun | H3: Jul | I3: Aug | J3: Sep | K3: Oct | L3: Nov | M3: Dec
A4: Net income | B4: ='P&L'!B13 | C4: ='P&L'!C13 | D4: ='P&L'!D13 | E4: ='P&L'!E13 | F4: ='P&L'!F13 | G4: ='P&L'!G13 | H4: ='P&L'!H13 | I4: ='P&L'!I13 | ... M4: ='P&L'!M13
A5: Add back depreciation | B5: ='P&L'!B10 | C5: ='P&L'!C10 | D5: ='P&L'!D10 | E5: ='P&L'!E10 | F5: ='P&L'!F10 | G5: ='P&L'!G10 | H5: ='P&L'!H10 | I5: ='P&L'!I10 | ... M5: ='P&L'!M10
A6: Change in accounts receivable | B6: =-('Balance sheet'!B6-Assumptions!$B$18) | C6: =-('Balance sheet'!C6-'Balance sheet'!B6) | D6: =-('Balance sheet'!D6-'Balance sheet'!C6) | E6: =-('Balance sheet'!E6-'Balance sheet'!D6) | F6: =-('Balance sheet'!F6-'Balance sheet'!E6) | G6: =-('Balance sheet'!G6-'Balance sheet'!F6) | H6: =-('Balance sheet'!H6-'Balance sheet'!G6) | I6: =-('Balance sheet'!I6-'Balance sheet'!H6) | J6: =-('Balance sheet'!J6-'Balance sheet'!I6) | ... M6: =-('Balance sheet'!M6-'Balance sheet'!L6)
A7: Change in accounts payable | B7: =('Balance sheet'!B12-Assumptions!$B$19) | C7: =('Balance sheet'!C12-'Balance sheet'!B12) | D7: =('Balance sheet'!D12-'Balance sheet'!C12) | E7: =('Balance sheet'!E12-'Balance sheet'!D12) | F7: =('Balance sheet'!F12-'Balance sheet'!E12) | G7: =('Balance sheet'!G12-'Balance sheet'!F12) | H7: =('Balance sheet'!H12-'Balance sheet'!G12) | I7: =('Balance sheet'!I12-'Balance sheet'!H12) | J7: =('Balance sheet'!J12-'Balance sheet'!I12) | ... M7: =('Balance sheet'!M12-'Balance sheet'!L12)
A8: Cash from operations | B8: =SUM(B4:B7) | C8: =SUM(C4:C7) | D8: =SUM(D4:D7) | E8: =SUM(E4:E7) | F8: =SUM(F4:F7) | G8: =SUM(G4:G7) | H8: =SUM(H4:H7) | I8: =SUM(I4:I7) | ... M8: =SUM(M4:M7)
A9: Capital expenditure | B9: =-Assumptions!B12 | C9: =-Assumptions!C12 | D9: =-Assumptions!D12 | E9: =-Assumptions!E12 | F9: =-Assumptions!F12 | G9: =-Assumptions!G12 | H9: =-Assumptions!H12 | I9: =-Assumptions!I12 | ... M9: =-Assumptions!M12
A10: Cash from investing | B10: =B9 | C10: =C9 | D10: =D9 | E10: =E9 | F10: =F9 | G10: =G9 | H10: =H9 | I10: =I9 | ... M10: =M9
A11: Equity raised | B11: 0 | C11: 0 | D11: 0 | E11: 0 | F11: 0 | G11: 0 | H11: 0 | I11: 0 | J11: 0 | K11: 0 | L11: 0 | M11: 0
A12: Cash from financing | B12: =B11 | C12: =C11 | D12: =D11 | E12: =E11 | F12: =F11 | G12: =G11 | H12: =H11 | I12: =I11 | ... M12: =M11
A13: Net change in cash | B13: =B8+B10+B12 | C13: =C8+C10+C12 | D13: =D8+D10+D12 | E13: =E8+E10+E12 | F13: =F8+F10+F12 | G13: =G8+G10+G12 | H13: =H8+H10+H12 | I13: =I8+I10+I12 | ... M13: =M8+M10+M12
A14: Opening cash | B14: =Assumptions!$B$17 | C14: =B15 | D14: =C15 | E14: =D15 | F14: =E15 | G14: =F15 | H14: =G15 | I14: =H15 | J14: =I15 | ... M14: =L15
A15: Closing cash | B15: =B14+B13 | C15: =C14+C13 | D15: =D14+D13 | E15: =E14+E13 | F15: =F14+F13 | G15: =G14+G13 | H15: =H14+H13 | I15: =I14+I13 | ... M15: =M14+M13
A17: Months of runway | B17: =IF(B13>=0,"n/a",B15/-B13) | C17: =IF(C13>=0,"n/a",C15/-C13) | D17: =IF(D13>=0,"n/a",D15/-D13) | E17: =IF(E13>=0,"n/a",E15/-E13) | F17: =IF(F13>=0,"n/a",F15/-F13) | G17: =IF(G13>=0,"n/a",G15/-G13) | H17: =IF(H13>=0,"n/a",H15/-H13) | I17: =IF(I13>=0,"n/a",I15/-I13) | ... M17: =IF(M13>=0,"n/a",M15/-M13)

Sheet Balance sheet
A1: Balance sheet
B3: Jan | C3: Feb | D3: Mar | E3: Apr | F3: May | G3: Jun | H3: Jul | I3: Aug | J3: Sep | K3: Oct | L3: Nov | M3: Dec
A5: Cash | B5: ='Cash flow'!B15 | C5: ='Cash flow'!C15 | D5: ='Cash flow'!D15 | E5: ='Cash flow'!E15 | F5: ='Cash flow'!F15 | G5: ='Cash flow'!G15 | H5: ='Cash flow'!H15 | I5: ='Cash flow'!I15 | ... M5: ='Cash flow'!M15
A6: Accounts receivable | B6: ='P&L'!B5*12/365*Assumptions!B13 | C6: ='P&L'!C5*12/365*Assumptions!C13 | D6: ='P&L'!D5*12/365*Assumptions!D13 | E6: ='P&L'!E5*12/365*Assumptions!E13 | F6: ='P&L'!F5*12/365*Assumptions!F13 | G6: ='P&L'!G5*12/365*Assumptions!G13 | H6: ='P&L'!H5*12/365*Assumptions!H13 | I6: ='P&L'!I5*12/365*Assumptions!I13 | ... M6: ='P&L'!M5*12/365*Assumptions!M13
A7: Fixed assets, net | B7: =Assumptions!$B$20+Assumptions!B12-'P&L'!B10 | C7: =B7+Assumptions!C12-'P&L'!C10 | D7: =C7+Assumptions!D12-'P&L'!D10 | E7: =D7+Assumptions!E12-'P&L'!E10 | F7: =E7+Assumptions!F12-'P&L'!F10 | G7: =F7+Assumptions!G12-'P&L'!G10 | H7: =G7+Assumptions!H12-'P&L'!H10 | I7: =H7+Assumptions!I12-'P&L'!I10 | J7: =I7+Assumptions!J12-'P&L'!J10 | ... M7: =L7+Assumptions!M12-'P&L'!M10
A8: Total assets | B8: =B5+B6+B7 | C8: =C5+C6+C7 | D8: =D5+D6+D7 | E8: =E5+E6+E7 | F8: =F5+F6+F7 | G8: =G5+G6+G7 | H8: =H5+H6+H7 | I8: =I5+I6+I7 | ... M8: =M5+M6+M7
A12: Accounts payable | B12: ='P&L'!B6*12/365*Assumptions!B14 | C12: ='P&L'!C6*12/365*Assumptions!C14 | D12: ='P&L'!D6*12/365*Assumptions!D14 | E12: ='P&L'!E6*12/365*Assumptions!E14 | F12: ='P&L'!F6*12/365*Assumptions!F14 | G12: ='P&L'!G6*12/365*Assumptions!G14 | H12: ='P&L'!H6*12/365*Assumptions!H14 | I12: ='P&L'!I6*12/365*Assumptions!I14 | ... M12: ='P&L'!M6*12/365*Assumptions!M14
A13: Total liabilities | B13: =B12 | C13: =C12 | D13: =D12 | E13: =E12 | F13: =F12 | G13: =G12 | H13: =H12 | I13: =I12 | ... M13: =M12
A14: Paid-in capital | B14: =Assumptions!$B$21+'Cash flow'!B11 | C14: =B14+'Cash flow'!C11 | D14: =C14+'Cash flow'!D11 | E14: =D14+'Cash flow'!E11 | F14: =E14+'Cash flow'!F11 | G14: =F14+'Cash flow'!G11 | H14: =G14+'Cash flow'!H11 | I14: =H14+'Cash flow'!I11 | J14: =I14+'Cash flow'!J11 | ... M14: =L14+'Cash flow'!M11
A15: Retained earnings | B15: =Assumptions!$B$22+'P&L'!B13 | C15: =B15+'P&L'!C13 | D15: =C15+'P&L'!D13 | E15: =D15+'P&L'!E13 | F15: =E15+'P&L'!F13 | G15: =F15+'P&L'!G13 | H15: =G15+'P&L'!H13 | I15: =H15+'P&L'!I13 | J15: =I15+'P&L'!J13 | ... M15: =L15+'P&L'!M13
A16: Total equity | B16: =B14+B15 | C16: =C14+C15 | D16: =D14+D15 | E16: =E14+E15 | F16: =F14+F15 | G16: =G14+G15 | H16: =H14+H15 | I16: =I14+I15 | ... M16: =M14+M15
A17: Total liabilities and equity | B17: =B13+B16 | C17: =C13+C16 | D17: =D13+D16 | E17: =E13+E16 | F17: =F13+F16 | G17: =G13+G16 | H17: =H13+H16 | I17: =I13+I16 | ... M17: =M13+M16
A19: Check: assets − liabilities and equity | B19: =ROUND(B8-B17,2) | C19: =ROUND(C8-C17,2) | D19: =ROUND(D8-D17,2) | E19: =ROUND(E8-E17,2) | F19: =ROUND(F8-F17,2) | G19: =ROUND(G8-G17,2) | H19: =ROUND(H8-H17,2) | I19: =ROUND(I8-I17,2) | ... M19: =ROUND(M8-M17,2)
A20: This row must read zero across. If it does not, an assumption has been changed in a way that breaks the link between the statements.

Sheet How to use
A2: Amber cells on Assumptions are the only things you edit. Everything on the three statements calculates from them.
A3: The statements are linked: net income flows into retained earnings, depreciation is added back in the cash flow, and the receivable and payable balances are driven by the DSO and DPO assumptions.
A4: The check row at the bottom of the balance sheet must read zero in every month. If it does not, the model has been broken.
A5: Opening retained earnings is set so the opening balance sheet balances. Change any opening balance and you must change it to match.
A6: Twelve months is deliberate. A monthly model that runs five years is usually a spreadsheet exercise rather than a plan.
A7: Free and ungated from Zinance: zinance.co
